 Dungeon Crawl Stone Soup version 0.28.0-45-g0d030f2227 (webtiles) character file.

Game seed: 13835479963200116321

97 nickcage the Firebug (level 4, -2/24 HPs)
             Began as a Deep Elf Fire Elementalist on Apr 11, 2022.
             Slain by a gnoll
             ... wielding a +0 flail
              (12 damage)
             ... on level 3 of the Dungeon.
             The game lasted 00:05:51 (3041 turns).

nickcage the Firebug (Deep Elf Fire Elementalist)   Turns: 3041, Time: 00:05:51

Health: -2/24      AC:  2    Str:  5    XL:     4   Next: 42%
Magic:  1/10       EV: 12    Int: 22    God:
Gold:   113        SH:  4    Dex: 15    Spells: 3/9 levels left

rFire   . . .      SeeInvis .   g - +2 short sword (vamp)
rCold   . . .      Faith    .   e - +0 buckler
rNeg    . . .      Spirit   .   a - +0 robe
rPois   .          Reflect  .   (no helmet)
rElec   .          Harm     .   (no cloak)
rCorr   .          Rampage  .   (no gloves)
Will    .....                   (no boots)
Stlth   ++........              (no amulet)
HPRegen 0.08/turn               (no ring)
MPRegen 0.12/turn               (no ring)

@: no status effects
A: no striking features
a: no special abilities


You were on level 3 of the Dungeon.
You visited 1 branch of the dungeon, and saw 3 of its levels.

You collected 113 gold pieces.

Inventory:

Hand Weapons
 c - a +0 glaive
 g - a +2 vampiric short sword (weapon)
Armour
 a - a +0 robe (worn)
 e - a +0 buckler (worn)
Scrolls
 d - 2 scrolls of identify {unknown}
 f - a scroll of magic mapping {unknown}
 h - a scroll of noise {unknown}
 i - a scroll of fear {unknown}
Potions
 b - a potion of lignification {unknown}


   Skills:
 - Level 2.4 Dodging
 - Level 2.4 Stealth
 * Level 0.9 Shields
 - Level 3.0 Spellcasting
 - Level 2.0 Conjurations
 + Level 5.2 Fire Magic


You had 3 spell levels left.
You knew the following spells:

 Your Spells              Type           Power      Damage    Failure   Level
a - Foxfire               Conj/Fire      76%        2x1d7     3%          1
b - Scorch                Fire           52%        2d8       3%          2
c - Conjure Flame         Conj/Fire      19%        6-21      12%         3

Your spell library contained the following spells:

 Spells                   Type           Power      Damage    Failure   Level
 Inner Flame              Hex/Fire       14%        N/A       17%         3
 Dazzling Flash           Conj/Hex       14%        N/A       32%         3
 Flame Wave               Conj/Fire      19%        2d6       36%         4
 Iskenderun's Mystic Bla  Conj/Tloc      7%         2d4       73%         4
 Starburst                Conj/Fire      9%         6d5       99%         6


Dungeon Overview and Level Annotations

Branches:
Dungeon (3/15)

Altars:


Message History

You don't have enough magic to cast this spell.
You miss the bat.
The bat is severely wounded.
The bat is no longer more vulnerable to fire.
The bat misses you. You block the bat's attack.
A goblin comes into view. It is wielding a +0 dagger.
You closely miss the bat.
The bat is severely wounded.
The bat hits you but does no damage. x2
You closely miss the bat.
The bat is severely wounded.
The bat barely misses you. The bat closely misses you.
You miss the bat.
The bat is severely wounded.
The bat closely misses you.
A kobold comes into view. It is wielding a +0 dagger.
The kobold shouts!
You hit the bat.
You kill the bat!
The goblin shouts!
There is an open door here.
A kobold comes into view.
It is wielding a +1 vampiric short sword.
The kobold shouts!
The kobold throws a stone.
The stone hits you.
The kobold throws a stone.
The stone closely misses you. The kobold misses you.
Flames lash the gnoll.
The gnoll is heavily wounded.
The gnoll's fire resistance burns away.
The kobold hits you but does no damage. The gnoll hits you but does no damage.
You barely miss the gnoll.
The gnoll is heavily wounded.
The kobold closely misses you. The gnoll hits you with a +0 flail!
The gnoll barely misses you. You block the kobold's attack.
You closely miss the kobold. The gnoll barely misses you.
The gnoll hits you from afar with a +0 spear.
The kobold closely misses you.
You barely miss the kobold. The gnoll hits you with a +0 flail!
Ouch! That really hurt!
You die...

........# #.......#
........# #.......##
........####.........
...........'......#
############......#####
........†...........
#######.###..###### #.#
##K## #.# #g@# #.# ##.#
#.# #g## #.# ##Kg#####
#.# #.......# #.#
#.......# #.......#
#.......# #.......#


You could see 2 gnolls, a goblin and 2 kobolds.

Vanquished Creatures
  A gnoll (D:3)
  4 adders
  A dart slug (D:3)
  5 ball pythons
  3 endoplasms
  A giant cockroach (D:3)
  5 goblins
  6 hobgoblins (D:1)
  2 quokkas
  10 bats
  3 frilled lizards (D:1)
  4 kobolds
  4 rats
49 creatures vanquished.

Vanquished Creatures (others)
  17 foxfires (D:1)
  A plant (D:1)
  7 withered plants (D:1)
25 creatures vanquished.

Grand Total: 74 creatures vanquished

Notes
Turn   | Place    | Note
-------+----------+-------------------------------------------
     0 | D:1      | nickcage the Deep Elf Fire Elementalist began the quest for
                  | the Orb.
     0 | D:1      | Reached XP level 1. HP: 10/10 MP: 6/6
   542 | D:1      | Reached XP level 2. HP: 15/15 MP: 6/8
   545 | D:1      | Learned a level 2 spell: Scorch
   634 | D:1      | Found a faded altar of an unknown god.
   644 | D:1      | Reached skill level 4 in Fire Magic
  1393 | D:1      | Reached XP level 3. HP: 19/19 MP: 0/9
  2617 | D:3      | Learned a level 3 spell: Conjure Flame
  2644 | D:3      | Reached XP level 4. HP: 24/24 MP: 7/10
  2646 | D:3      | Reached skill level 5 in Fire Magic
  3041 | D:3      | Slain by a gnoll

Illustrated notes

Levels and vault maps discovered:
D:1:      tarquinn_simple_flora_water_a, layout_basic,
          shapermc_ecumenical_altar_flowoftime, minmay_misc_feat_x,
          minmay_quantized
D:2:      layout_loops_ring
D:3:      kennysheep_big_flooded_room, layout_basic, slow_altar_2

Skill      XL: |  1  2  3  4 |
---------------+-------------+-----
Fire Magic     | 4 5 |  5.2
Conjurations   | 2 |  2.0
Dodging        | |  2.4
Stealth        | |  2.4
Shields        | |  0.9
Spellcasting   | |  3.0

Action                   |  1- 3 |  4- 6 || total
-------------------------+-------+-------++-------
Melee: Unarmed           |     4 |       ||     4
       Short sword       |    22 |     8 ||    30
 Cast: Foxfire           |    12 |       ||    12
       Scorch            |    29 |    16 ||    45
 Stab: Distracted        |     1 |       ||     1
Armor: Robe              |     1 |     5 ||     6
Dodge: Dodged            |    17 |    14 ||    31
Block: Buckler           |       |     4 ||     4
